 Seeded DCSS version 0.32-a0-909-gc671339a80 (webtiles) character file.

Game seed: 3004286359654636035 (custom seed)

194130 demibob the Warrior (level 17, -7/149 (170) HPs)
             Began as a Mountain Dwarf Fighter on Apr 6, 2024.
             Was the Champion of Beogh.
             Mangled by an orc knight
             ... wielding a +0 battleaxe
              (12 damage)
             ... on level 1 of the Vaults.
             The game lasted 00:52:48 (32408 turns).

demibob the Warrior (Mountain Dwarf Fighter)       Turns: 32408, Time: 00:52:50

HP:   -7/149 (170)  AC: 37    Str: 26    XL:     17   Next: 66%
MP:   24/24         EV: 12    Int: 13    God:    Beogh [******]
Gold: 1473          SH:  0    Dex: 13    Spells: 16/16 levels left

rFire   . . .        X - +7 war axe (vamp)
rCold   . . .        (no shield)
rNeg    . . .        i - +10 plate armour "Okuop" {rPois Dex+4}
rPois   +            O - +0 helmet
rElec   .            s - +1 cloak {rPois}
rCorr   .            (no gloves)
SInv    .            x - +2 pair of boots
Will    +....        d - amulet of regeneration Stlth
                     b - ring of Iffiedwo {EV+5 Int+3}
HPRegen 1.24/turn    Y - +4 ring of slaying
MPRegen 0.19/turn

%: no passive effects
@: mighty, heavily drained
A: walk on water, runic magic, artefact enchanting
}: 1/15 runes: serpentine
a: Renounce Religion, Smiting, Recall Apostles, Blood for Blood, Dismiss Borgun,
warrior, Dismiss Urtork, wizard, Dismiss Bladwarg, wizard


You were on level 1 of the Vaults.
You worshipped Beogh.
Beogh was exalted by your worship.
You visited 5 branches of the dungeon, and saw 27 of its levels.
You visited 1 bazaar.
You also visited: Sewer and Bailey.

You collected 3234 gold pieces.
You spent 1761 gold pieces at shops.


Innate Abilities, Weirdness & Mutations

You can walk on water.
Your facial features are unmistakably orcish.
Your spellcasting is much less encumbered by armour.
You can use scrolls of enchantment on lesser artefacts.


   Skills:
 + Level 20.1 Fighting
 - Level 20.0 Axes
 + Level 20.0 Armour
 - Level 3.2 Shields
 - Level 9.6 Invocations
 - Level 9.1 Evocations


You had 16 spell levels left.
You didn't know any spells.
Your spell library contained the following spells:

 Spells                   Type           Power      Damage    Failure   Level
 Apportation              Tloc           0%         N/A       41%         1
 Magic Dart               Conj           0%         1d3       41%         1
 Necrotise                Necr           0%         1d4       41%         1
 Sting                    Conj/Alch      0%         1d3       41%         1
 Summon Small Mammal      Summ           0%         N/A       41%         1
 Blink                    Tloc           0%         N/A       56%         2
 Call Imp                 Summ           0%         N/A       56%         2
 Call Canine Familiar     Summ           0%         N/A       80%         3
 Frozen Ramparts          Ice            0%         1d1       80%         3
 Fugue of the Fallen      Necr           0%         N/A       80%         3
 Inner Flame              Hex/Fire       0%         N/A       80%         3
 Ozocubu's Armour         Ice            0%         N/A       80%         3
 Passwall                 Erth           0%         N/A       80%         3
 Sigil of Binding         Hex            0%         N/A       80%         3
 Teleport Other           Tloc           0%         N/A       80%         3
 Tukima's Dance           Hex            0%         N/A       80%         3
 Volatile Blastmotes      Fire/Tloc      0%         2d10      80%         3
 Dimensional Bullseye     Hex/Tloc       0%         N/A       99%         4
 Flame Wave               Conj/Fire      0%         2d4       99%         4
 Iskenderun's Mystic Bla Conj/Tloc 0%             2d3        (+2d1     99%         4
 Sticky Flame             Fire/Alch      0%         2d4       99%         4
 Vhi's Electric Charge    Tloc/Air       0%         N/A       99%         4
 Metabolic Englaciation   Hex/Ice        0%         N/A       100%        5
 Bombard                  Conj/Erth      0%         9d1       100%        6
 Dispersal                Tloc           0%         N/A       100%        6
 Gell's Gavotte           Tloc           0%         2d(11-16) 100%        6
 Manifold Assault         Tloc           0%         N/A       100%        7

Inventory:

Hand Weapons
 a - a +1 battleaxe of freezing
 X - a +7 vampiric war axe (weapon)
Missiles
 l - 5 throwing nets (quivered) {=f}
 S - 15 atropa-tipped darts
Armour
 i - the +10 plate armour "Okuop" (worn) {rPois Dex+4}
   (You bought it in a shop on level 2 of the Orcish Mines)

   Dex+4:     It affects your dexterity (+4).
   rPois:     It protects you from poison.
 j - a +0 crystal plate armour
 s - a +1 cloak of poison resistance (worn)
 x - a +2 pair of boots (worn)
 J - a +2 pair of boots
 O - a +0 helmet (worn)
Jewellery
 b - the ring of Iffiedwo (left hand) {EV+5 Int+3}
   (You found it on level 4 of the Lair of Beasts)

   [ring of evasion]

   EV+5:      It affects your evasion (+5).
   Int+3:     It affects your intelligence (+3).
 d - an amulet of regeneration (around neck)
 n - a ring of protection from cold
 v - a ring of see invisible
 C - a ring of protection from cold
 F - a ring of protection from fire
 M - the ring of Contention {Fly Will++ Int+6 Dex-5}
   (You found it on level 5 of the Lair of Beasts)

   [ring of intelligence]

   Int+6:     It affects your intelligence (+6).
   Dex-5:     It affects your dexterity (-5).
   Will++:    It greatly increases your willpower.
   Fly:       It grants you flight.
 Q - an amulet of magic regeneration
 T - a +4 ring of protection
 U - an amulet of faith {!P}
 W - a ring of willpower
 Y - a +4 ring of slaying (right hand)
 Z - a ring of wizardry
Wands
 k - a wand of polymorph (20)
 m - a wand of mindburst (27)
 r - a wand of digging (4)
 y - a wand of iceblast (7)
 A - a wand of flame (37)
 G - a wand of paralysis (25)
 R - a wand of light (15)
Scrolls
 e - 10 scrolls of teleportation {@r2}
 g - a scroll of torment
 t - 11 scrolls of identify {@r1}
 u - 8 scrolls of amnesia
 w - a scroll of brand weapon
 E - 6 scrolls of enchant armour
 H - 2 scrolls of immolation
 I - a scroll of poison
 V - a scroll of vulnerability
Potions
 f - 4 potions of curing {@q1}
 h - a potion of invisibility
 o - 3 potions of mutation
 p - a potion of magic
 q - 5 potions of lignification
 z - 4 potions of enlightenment
 B - 4 potions of resistance
 D - 3 potions of attraction
 K - 3 potions of brilliance
 N - 2 potions of haste {@q3}

Dungeon Overview and Level Annotations

Branches:
Dungeon (15/15)            Temple (0/1) D:7            Lair (5/5) D:8
 Shoals (0/4) Lair:3        Snake (4/4) Lair:2        Slime (0/5) Lair:5
    Orc (2/2) D:11            Elf (0/3) Orc:2        Vaults (1/5) D:14
 Depths (0/4) D:15          Sewer (visited)          Bailey (visited)

Altars:
Ashenzari
Cheibriados
Dithmenos
Fedhas
Gozag
Hepliaklqana
Makhleb
Okawaru
Ru
Xom
Yredelemnul
Zin
The Shining One
Beogh
Jiyva

Shops:
D:1 =?(*?   D:4 (   D:11 *   Orc:2 [(*:

Annotations:
D:8 1 runed translucent door
D:12 3 runed translucent doors, Qeogosur's ghost, journeyman OnBe
Lair:5 exclusion: 3 oklob plants

▒......▒ ▒...........▒.....▒
▒......▒ ▒...........▒...▒.▒
▒▒▒▒▒▒'▒▒▒▒..▒▒▒▒▒▒▒..▒.....▒
..........'..▒$...?▒..▒.▒...▒▒▒▒▒
..........▒..▒.....▒..'.........▒
..........▒..▒.....▒..▒▒▒▒▒▒.▒..▒
..........+..▒$))..▒..▒ ▒....▒
..........▒..▒▒▒)▒▒▒..▒ ▒..▒.▒
..........▒..▒.†@o.'..▒ ▒....▒
▒▒▒▒▒▒▒▒▒▒▒..▒.$o..'..▒ ▒.▒..▒
▒..▒▒▒'▒▒▒..▒ ▒....▒ ....▒..▒
▒++▒▒▒ .!..▒..▒ .....▒..▒
[...)▒..▒ ▒▒▒▒▒▒▒..▒


You could see 2 orc knights.


Message History

It shouts, "Spare me, and you'll never see me again!"
You slash the orc knight! x2; You feel better.
Unknown command.
The orc warlord hits the orc knight with a +0 broad axe!! x2
The orc knight hits the orc warlord with a +0 war axe!!
The orc knight hits you with a +0 battleaxe!!
* * * LOW HITPOINT WARNING * * *
The orc knight barely misses the orc warlord.
Unknown command.
The orc warlord hits the orc knight with a +0 broad axe.
The orc knight hits you with a +0 war axe.
* * * LOW HITPOINT WARNING * * *
The orc knight hits you with a +0 battleaxe!
* * * LOW HITPOINT WARNING * * *
The orc knight hits the orc warlord with a +0 battleaxe!
The orc warlord dies!
Okay, then.
Okay, then.
You barely miss the orc knight.
The orc knight is almost dead.
You barely miss the orc knight.
The orc knight hits you but does no damage.
The orc knight closely misses you.
You slash the orc knight!
The orc knight is almost dead.
You barely miss the orc knight.
The orc knight no longer looks unusually strong.
The orc knight hits you with a +0 battleaxe!
You die...
Beogh appreciates the orc knight's killing of a heretic priest.

Skill      XL: |  1  2  3  4  5  6  7  8  9 10 11 12 13 14 15 16 17 |
---------------+----------------------------------------------------+-----
Axes           | 3 4 5 6 7 9 11 12 14 15 16 19 20 | 20.0
Fighting       | 5 7 9 11 14 15 17 18 19 20 | 20.1
Armour         | 5 7 9 11 13 15 16 18 19 20 | 20.0
Evocations     | 6 9 |  9.1
Invocations    | 5 9 |  9.6
Shields        | |  3.2

Action                     |  1- 3 |  4- 6 |  7- 9 | 10-12 | 13-15 | 16-18 || total
---------------------------+-------+-------+-------+-------+-------+-------++-------
  Melee: War axe           |    87 |   191 |   331 |   304 |   847 |   672 ||  2432
         Battleaxe         |       |       |       |       |       |   105 ||   105
  Throw: Throwing net      |       |       |     3 |       |       |       ||     3
 Invoke: Convert to Beogh  |       |     1 |       |       |       |       ||     1
         Recruit Apostle   |       |       |     1 |     2 |     1 |     1 ||     5
         Dismiss Apostle   |       |       |       |       |     1 |     1 ||     2
         Recall Apostles   |       |       |       |       |     3 |     1 ||     4
  Evoke: Wand              |       |       |    53 |     2 |    14 |     8 ||    77
    Use: Scroll            |     1 |     1 |    18 |       |    15 |     3 ||    38
         Potion            |       |     1 |    11 |     2 |     9 |     8 ||    31
   Stab: Paralysed         |       |       |     8 |       |       |       ||     8
         Distracted        |       |       |       |     7 |     6 |     1 ||    14
         Invisible         |       |       |       |       |     4 |       ||     4
 Armour: Scale mail        |    88 |   152 |   220 |       |       |       ||   460
         Chain mail        |       |       |    72 |   266 |   440 |       ||   778
         Plate armour      |       |       |       |       |   441 |   899 ||  1340
  Dodge: Dodged            |    37 |    90 |   164 |    79 |   544 |   391 ||  1305

Levels and vault maps discovered:
D:1:      dpeg_arrival_leaves_temple_mockup, layout_loops_ring, serial_shops,
          nicolae_shop_bloodbath_and_beyond, shop_coins,
          nicolae_shop_gibbet_a_chance, nicolae_square_shop, shop
D:2:      minmay_general_purpose_star, layout_basic, uniq_terence, uniq_natasha
D:3:      kennysheep_the_goblin_king, layout_basic, zin_treasury
D:4:      layout_loops_corners, lemuel_round_altar, serial_shops, shop,
          minmay_misc_feat_cross, minmay_statues_item, dk_rats_in_the_wall
D:5:      layout_cave_pools
D:6:      minmay_inner_zag, layout_basic, mainiacjoe_overflow_alcove_2,
          nicolae_ru_path_of_blood, mainiacjoe_sewer_entry_somewhere_in_here_2
D:7:      layout_cave_pods, minmay_temple_entry_purple_smoke, enter_bailey_3,
          minmay_strange_pillars, item_on_display_a
D:8:      layout_basic, dk_yredelemnul_ordeal, marbit_many_paths,
          lair_entry_dummy
D:9:      layout_basic, nicolae_overflow_crystal_walls,
          lemuel_coloured_pillars_altar
D:10:     layout_roguey, kennysheep_mini_moat, nicolae_overflow_squiral
D:11:     regret_index_early_branch_jog, layout_basic, minmay_misc_feat_x,
          serial_bayou_lagoon_b
D:12:     layout_grid_maze, maelrawn_ghost_gauntlet_escape
D:13:     layout_basic
D:14:     layout_layer_cave, david_vaults_1, chequers_serial_rivers_micro_d
D:15:     grunt_enter_depths_hoard, layout_cave_pods,
          nicolae_hepliaklqana_hazy_memory, chequers_serial_rivers_room_b,
          grunt_ministairs_12, minmay_pinched_square, uniq_rupert
Lair:1:   layout_chaotic_city, serial_bayou_crossing,
          infiniplex_staircase_pool_2
Lair:2:   layout_chaotic_city, minmay_snake_entry_six_corridors,
          serial_bayou_shore_b
Lair:3:   layout_roguey, elwin_shoals_entry_rooms, portal_ice_cave_demonic_guard
Lair:4:   layout_big_grid, serial_bayou_ford_a, beast_lair_carwin_6
Lair:5:   grunt_lair_end_beastmaster, layout_loops_ring,
          minmay_slime_entry_oklob_open, pdpol_lair_cavern_descent,
          lemuel_fruit_fields
Snake:1:  layout_onion, nicolae_integral_box, uniq_agnes
Snake:2:  layout_layer_cave, basic_altar, serial_shops, bzr_entry_customers,
          nicolae_snake_bzzzt, lemuel_fruit_tree
Snake:3:  layout_gridlike, nicolae_triple_integral, uniq_vashnia
Snake:4:  minmay_snake_end_coiled, layout_cave_town
Orc:1:    layout_caves, nicolae_orc_lost_temple
Orc:2:    grunt_orc_gardens, layout_caves, grunt_orc_garden, grunt_orc_garden,
          grunt_orc_garden, grunt_orc_garden, uniq_nessos
Vaults:1: nicolae_vaults_windows_and_doors_thing, v_alt_pattern_4,
          hangedman_vaults_slither, nicolae_vaults_heart-shaped_vault,
          vaults_standard_mumra_enter_the_diamond, hangedman_vaults_stitches,
          nooodl_orcs_dogs, nicolae_vaults_little_squares_6, v_pattern_1,
          nicolae_vaults_oval_intersection, ontoclasm_vaults_decontamination,
          v_misc_15, nicolae_vaults_tetromino_T_2, layout_vaults_omnibox

Notes
Turn   | Place    | Note
-------+----------+-------------------------------------------
     0 | D:1      | demibob the Mountain Dwarf Fighter began the quest for the
                  | Orb.
     0 | D:1      | Reached XP level 1. HP: 19/19 MP: 1/1
    82 | D:1      | Found Zoboh's Magic Scroll Boutique.
   156 | D:1      | Found Agosher's Weapon Boutique.
   166 | D:1      | Reached skill level 3 in Axes
   178 | D:1      | Found Wiosocla's Assorted Antiques.
   308 | D:1      | Reached XP level 2. HP: 26/26 MP: 2/2
   346 | D:1      | Found Kuinkor's Jewellery Boutique.
   772 | D:1      | Found Coeppiora's Magic Scroll Emporium.
   780 | D:1      | Reached skill level 4 in Axes
   925 | D:2      | Noticed Natasha
   932 | D:2      | Killed Natasha
   933 | D:2      | Reached XP level 3. HP: 29/31 MP: 3/3
  1246 | D:2      | Reached skill level 5 in Axes
  1380 | D:2      | Noticed Natasha
  1384 | D:2      | Killed Natasha
  1385 | D:2      | Reached XP level 4. HP: 34/38 MP: 4/4
  1441 | D:2      | Noticed Terence
  1449 | D:2      | Killed Terence
  2010 | D:3      | Noticed Ijyb
  2018 | D:3      | Reached skill level 6 in Axes
  2038 | D:3      | Killed Ijyb
  2039 | D:3      | Reached XP level 5. HP: 45/45 MP: 5/5
  2277 | D:3      | Found a glowing silver altar of Zin.
  3070 | D:4      | Reached skill level 7 in Axes
  3527 | D:4      | Found a broken altar of Ashenzari.
  3560 | D:4      | Found Plog's Antique Weapon Shoppe.
  3694 | D:4      | Became a worshipper of Beogh the Shepherd
  3829 | D:5      | Entered Level 5 of the Dungeon
  3856 | D:5      | Reached XP level 6. HP: 42/51 MP: 6/6
  3975 | D:5      | Reached skill level 8 in Axes
  4327 | D:5      | Reached skill level 9 in Axes
  4331 | D:5      | Reached XP level 7. HP: 21/57 MP: 7/7
  4463 | D:5      | Reached skill level 10 in Axes
  4988 | D:6      | Reached skill level 11 in Axes
  5032 | D:6      | Found a glowing drain.
  5036 | Sewer    | Entered a sewer
  5103 | Sewer    | Reached * piety under Beogh
  5104 | Sewer    | Reached XP level 8. HP: 61/63 MP: 8/8
  5601 | D:6      | Reached skill level 12 in Axes
  5835 | D:6      | Found an iron altar of Okawaru.
  5999 | D:6      | Found a sacrificial altar of Ru.
  6394 | D:7      | Reached skill level 4 in Fighting
  6394 | D:7      | Reached skill level 4 in Armour
  6410 | D:7      | Reached ** piety under Beogh
  6509 | D:7      | Found a flagged portal.
  6521 | Bailey   | Entered a bailey
  6756 | Bailey   | Reached skill level 5 in Fighting
  6756 | Bailey   | Reached skill level 5 in Armour
  6756 | Bailey   | Reached XP level 9. HP: 39/74 MP: 9/9
  6777 | Bailey   | Reached skill level 13 in Axes
  6783 | Bailey   | Identified a +0 crystal plate armour
  6959 | Bailey   | Reached skill level 6 in Fighting
  6959 | Bailey   | Reached skill level 6 in Armour
  7518 | D:7      | Reached *** piety under Beogh
  7543 | D:7      | Noticed Borgun
  7579 | D:7      | Anointed Borgun the warrior as your apostle
  7834 | D:1      | Bought a +4 ring of slaying for 432 gold pieces
  8174 | D:7      | You fall into a shaft and drop 1 floor!
  8333 | D:7      | Found a staircase to the Ecumenical Temple.
  8684 | D:4      | Bought a runed war axe for 175 gold pieces
  8778 | D:8      | Reached skill level 7 in Fighting
  8816 | D:8      | Found a staircase to the Lair.
  8822 | D:8      | Reached skill level 7 in Armour
  8963 | D:8      | Reached skill level 14 in Axes
  8963 | D:8      | Reached XP level 10. HP: 86/86 MP: 10/10
  8971 | D:8      | Found a blossoming altar of Fedhas.
  9006 | D:8      | Found a runed translucent door.
  9012 | D:8      | Found a basalt altar of Yredelemnul.
  9034 | D:8      | Noticed Urtork
  9043 | D:8      | Anointed Urtork the wizard as your apostle
  9324 | Lair:1   | Entered Level 1 of the Lair of Beasts
  9324 | Lair:1   | Noticed a cane toad
  9331 | D:8      | Killed a cane toad
  9334 | Lair:1   | Noticed a death yak
  9342 | Lair:1   | Killed a death yak
  9343 | Lair:1   | Reached skill level 8 in Fighting
  9343 | Lair:1   | Reached skill level 8 in Armour
  9573 | Lair:1   | Noticed a black mamba
  9577 | Lair:1   | Killed a black mamba
  9606 | Lair:1   | Noticed a cane toad
  9614 | Lair:1   | Killed a cane toad
  9668 | Lair:1   | Reached skill level 9 in Fighting
  9669 | Lair:1   | Reached **** piety under Beogh
  9671 | Lair:1   | Reached skill level 15 in Axes
  9671 | Lair:1   | Reached skill level 9 in Armour
  9809 | Lair:1   | Noticed a cane toad
  9814 | Lair:1   | Killed a cane toad
  9815 | Lair:1   | Reached XP level 11. HP: 85/97 MP: 11/11
 10151 | Lair:1   | Noticed a death yak
 10152 | Lair:1   | Noticed a death yak
 10153 | Lair:1   | Noticed a death yak
 10162 | Lair:1   | Killed a death yak
 10167 | Lair:1   | Killed a death yak
 10173 | Lair:1   | Killed a death yak
 10174 | Lair:1   | Reached skill level 10 in Fighting
 10174 | Lair:1   | Reached skill level 10 in Armour
 10447 | Lair:2   | Reached skill level 16 in Axes
 10491 | Lair:2   | Found a staircase to the Snake Pit.
 10504 | Lair:2   | Reached skill level 11 in Fighting
 10517 | Lair:2   | Reached skill level 11 in Armour
 10935 | Lair:2   | Reached XP level 12. HP: 103/111 MP: 12/12
 10966 | Lair:2   | Reached ***** piety under Beogh
 11417 | Lair:3   | Noticed a seven-headed hydra
 11428 | Lair:3   | Killed a 12-headed hydra
 11609 | Lair:3   | Reached skill level 12 in Fighting
 11620 | Lair:3   | Reached skill level 12 in Armour
 11672 | Lair:3   | Found a staircase to the Shoals.
 11719 | Lair:3   | Identified the +12 mace "Yrapemev" {freeze, rC+ Str+3 Int+3
                  | Stlth+}
 11719 | Lair:3   | Noticed Argrim
 11734 | Lair:3   | Anointed Argrim the priest as your apostle
 11907 | Lair:3   | Noticed a death yak
 11916 | Lair:3   | Reached skill level 13 in Fighting
 11919 | Lair:3   | Your ally Urtork died
 11920 | Lair:3   | Killed a death yak
 11921 | Lair:3   | Reached skill level 13 in Armour
 12547 | Lair:4   | Identified the ring of Iffiedwo {EV+5 Int+3}
 12622 | Lair:4   | Reached skill level 14 in Fighting
 12635 | Lair:4   | Reached XP level 13. HP: 124/124 MP: 13/13
 12640 | Lair:4   | Reached skill level 14 in Armour
 12640 | Lair:4   | Reached skill level 1 in Evocations
 12695 | Lair:4   | Reached skill level 2 in Evocations
 12998 | Lair:4   | Identified 3 potions of resistance
 13015 | Lair:5   | Entered Level 5 of the Lair of Beasts
 13047 | Lair:5   | Reached skill level 3 in Evocations
 13150 | Lair:5   | Reached skill level 4 in Evocations
 13285 | Lair:5   | Reached ****** piety under Beogh
 13343 | Lair:5   | Reached skill level 5 in Evocations
 13387 | Lair:5   | Found a staircase to the Slime Pits.
 13388 | Lair:5   | Found a viscous altar of Jiyva.
 13581 | Lair:5   | Reached skill level 15 in Fighting
 13594 | Lair:5   | Reached skill level 15 in Armour
 13637 | Lair:5   | Your ally Argrim died
 13640 | Lair:5   | Your ally Urtork died
 13654 | Lair:5   | Your ally Borgun died
 13659 | Lair:5   | Reached skill level 6 in Evocations
 13675 | Lair:5   | Anointed Arkwar the warrior as your apostle
 13861 | Lair:5   | Noticed a dire elephant
 13878 | Lair:5   | Killed a dire elephant
 13930 | Lair:5   | Identified the ring of Contention {Fly Will++ Int+6 Dex-5}
 14145 | Lair:5   | Reached XP level 14. HP: 135/135 MP: 14/14
 14153 | Lair:5   | Reached skill level 7 in Evocations
 14658 | D:9      | Found a burning altar of Makhleb.
 14820 | D:9      | Found an opulent altar of Gozag.
 15031 | D:10     | Entered Level 10 of the Dungeon
 15138 | D:10     | Found a glowing golden altar of the Shining One.
 15141 | D:10     | Found a shadowy altar of Dithmenos.
 15176 | D:10     | Found a snail-covered altar of Cheibriados.
 16032 | D:11     | Reached skill level 16 in Fighting
 16032 | D:11     | Reached skill level 8 in Evocations
 16056 | D:11     | Found a staircase to the Orcish Mines.
 16136 | D:11     | Reached skill level 16 in Armour
 16753 | D:11     | Found Wifoviv's General Store.
 17033 | Orc:1    | Entered Level 1 of the Orcish Mines
 17186 | Orc:2    | Entered Level 2 of the Orcish Mines
 17265 | Orc:2    | Found Festryl's Antique Armour Shoppe.
 17266 | Orc:2    | Noticed a stone giant
 17276 | Orc:2    | Killed a stone giant
 17277 | Orc:2    | Reached skill level 9 in Evocations
 17371 | Orc:2    | Found Pitzyrch's General Store.
 17375 | Orc:2    | HP: 2/138 [ettin/+0 dire flail (34)]
 17664 | Orc:1    | Found a roughly hewn altar of Beogh.
 17768 | Orc:2    | Reached skill level 1 in Invocations
 17851 | Orc:2    | Found Deno Kakh's Book Shoppe.
 17852 | Orc:2    | Noticed Nessos
 17871 | Orc:2    | Killed Nessos
 17872 | Orc:2    | Reached skill level 2 in Invocations
 17924 | Orc:2    | Your ally Arkwar died
 18209 | Orc:2    | Found Ducuw's Antique Weapon Shoppe.
 18218 | Orc:2    | Reached skill level 3 in Invocations
 18377 | Orc:2    | Found a staircase to the Elven Halls.
 18510 | Orc:2    | Bought a slimy plate armour for 952 gold pieces
 18510 | Orc:2    | Identified the +10 plate armour "Okuop" {rPois Dex+4} (You
                  | bought it in a shop on level 2 of the Orcish Mines)
 18863 | D:12     | Found a runed translucent gate.
 18863 | D:12     | Found a runed translucent gate.
 18863 | D:12     | Found a runed translucent gate.
 19183 | D:12     | Noticed Qeogosur's ghost (journeyman OnBe)
 19504 | D:12     | Reached skill level 4 in Invocations
 20326 | D:13     | Identified the +0 scale mail of the Kappa {rCorr Str+3
                  | Int-2 Dex+2}
 20385 | D:13     | Reached skill level 17 in Fighting
 20389 | D:13     | Reached skill level 5 in Invocations
 20389 | D:13     | Reached XP level 15. HP: 111/147 MP: 18/18
 20408 | D:13     | Reached skill level 17 in Armour
 21461 | D:14     | Reached skill level 6 in Invocations
 22004 | D:14     | Found a gate to the Vaults.
 22133 | D:15     | Entered Level 15 of the Dungeon
 22268 | D:15     | Noticed Rupert
 22280 | D:15     | Killed Rupert
 22281 | D:15     | Reached skill level 7 in Invocations
 22385 | D:15     | Found a staircase to the Depths.
 22809 | D:15     | Reached skill level 8 in Invocations
 22831 | D:15     | Identified the +9 mace of Lengoxt {elec, rElec Str+6 Int-5
                  | Dex-5}
 23096 | D:15     | Found a hazy altar of Hepliaklqana.
 23104 | D:15     | Identified the +6 short sword of Cischits {protect, rF+
                  | rCorr Str-5 Stlth+}
 23125 | D:15     | Reached skill level 18 in Fighting
 23125 | D:15     | Reached skill level 9 in Invocations
 23466 | Snake:1  | Entered Level 1 of the Snake Pit
 23492 | Snake:1  | Reached skill level 18 in Armour
 23803 | Snake:1  | You fall into a shaft and drop 1 floor!
 23832 | Snake:1  | Your ally Borgun died
 23833 | Snake:1  | Noticed Agnes
 23846 | Snake:1  | Killed Agnes
 23853 | Snake:1  | Your ally Urtork died
 23858 | Snake:1  | Reached XP level 16. HP: 88/158 MP: 1/23
 24362 | Snake:2  | Identified the +0 robe of the Past {Dex+3 Stlth+}
 24424 | Snake:2  | Found a flickering gateway to a bazaar.
 24435 | Bazaar   | Entered a bazaar
 24436 | Bazaar   | Found Ovvuh's Armour Boutique.
 24503 | Bazaar   | Found Eciosieph's Weapon Boutique.
 24503 | Bazaar   | Found Fiucadau's Armour Boutique.
 24504 | Bazaar   | Found Xoczegy's Book Boutique.
 24535 | Bazaar   | Bought a +1 cloak of poison resistance for 202 gold pieces
 24999 | Snake:2  | Found a shimmering altar of Xom.
 26149 | Snake:3  | Reached skill level 17 in Axes
 26328 | Snake:3  | Reached skill level 19 in Fighting
 26487 | Snake:3  | Noticed Vashnia
 26500 | Snake:3  | Killed Vashnia
 26507 | Snake:3  | Reached skill level 19 in Armour
 26508 | Snake:3  | Your ally Urtork died
 26516 | Snake:3  | Your ally Borgun died
 26530 | Snake:3  | Your ally Arkwar died
 27454 | Snake:4  | Entered Level 4 of the Snake Pit
 27660 | Snake:4  | Reached skill level 18 in Axes
 29327 | Snake:4  | Reached skill level 19 in Axes
 29334 | Snake:4  | Reached XP level 17. HP: 165/168 MP: 24/24
 30590 | Snake:4  | Got a serpentine rune of Zot
 30907 | Vaults:1 | Entered Level 1 of the Vaults
 31076 | Vaults:1 | Reached skill level 20 in Axes
 31253 | D:14     | Anointed Bladwarg the wizard as your apostle
 31586 | Vaults:1 | Your ally Bladwarg died
 32115 | Vaults:1 | Noticed a sphinx
 32125 | Vaults:1 | Killed a sphinx
 32126 | Vaults:1 | Reached skill level 20 in Fighting
 32398 | Vaults:1 | Reached skill level 20 in Armour
 32402 | Vaults:1 | Your ally Bladwarg died
 32406 | Vaults:1 | HP: 4/149 [orc knight/+0 battleaxe (11)]
 32408 | Vaults:1 | Mangled by an orc knight

Vanquished Creatures
  Vashnia (Snake:3)
  Rupert (D:15)
  Agnes (Snake:1)
  6 nagarajas
  A vault warden (Vaults:1)
  2 ironbound preservers (Vaults:1)
  3 ironbound thunderhulks (Vaults:1)
  Nessos (Orc:2)
  8 dire elephants
  A crystal guardian (Vaults:1)
  2 yaktaur captains
  A great orb of eyes (Vaults:1)
  2 fire dragons (D:15)
  A rakshasa (D:15)
  A hydra (Lair:5)
  2 ogre magi (D:15)
  3 peacekeepers (Vaults:1)
  A salamander tyrant (Snake:4)
  A catoblepas (Lair:5)
  4 boulder beetles
  7 centaur warriors
  6 anacondas
  7 two-headed ogres
  9 death yaks
  An ironbound frostheart (Vaults:1)
  2 tengu warriors (D:15)
  10 shock serpents
  7 naga warriors
  An occultist (D:15)
  12 naga sharpshooters
  2 salamander mystics
  4 skeletal warriors (D:13)
  A glowing orange brain (Vaults:1)
  2 arcanists
  3 ironbound convokers (Vaults:1)
  7 naga ritualists
  6 deep trolls (Vaults:1)
  2 mana vipers
  A necromancer (D:14)
  4 orc knights
  3 deep elf pyromancers
  2 orc sorcerers
  6 cyclopes
  11 salamanders
  3 manticores
  33 black mambas
  A rust devil (Snake:2)
  2 guardian serpents
  14 elephants
  A kobold blastminer (Orc:1)
  A merfolk siren (Lair:3)
  An orange demon (D:14)
  7 naga magi
  An unseen horror (D:11)
  7 cane toads
  2 torpor snails
  2 freezing wraiths
  2 kobold demonologists
  4 komodo dragons
  A rime drake (Lair:3)
  4 efreet
  A tengu conjurer (D:15)
  10 yaktaurs (Vaults:1)
  6 trolls
  2 ice devils
  A troll (shapeshifter) (D:13)
  A hellwing (Orc:2)
  5 polar bears
  A merfolk (Lair:3)
  5 blink frogs (Lair:3)
  8 slime creatures
  2 shadows (D:11)
  A wraith (D:11)
  2 vampires
  4 water elementals (D:11)
  10 yaks
  2 wyverns
  3 steam dragons
  15 vampire mosquitoes
  A basilisk (shapeshifter) (D:15)
  4 basilisks
  2 wargs
  3 acid dragons
  28 nagas
  20 water moccasins
  4 orc warriors
  3 black bears (Lair:5)
  An ice beast (D:7)
  14 centaurs
  4 ogres
  13 wolves
  2 phantoms
  3 kobold brigands (D:10)
  2 brain worms (Sewer)
  12 bullfrogs
  11 gnoll sergeants
  A scorpion (D:6)
  3 wights (D:5)
  6 killer bees
  6 electric eels
  2 howler monkeys
  5 hounds
  A bombardier beetle (D:5)
  6 jellies
  6 gnoll boudas
  5 orc priests
  3 iguanas
  Ijyb (D:3)
  Natasha (twice) (D:2)
  6 orc wizards
  A sleepcap (D:6)
  6 hell rats
  Terence (D:2)
  19 gnolls
  13 adders
  2 river rats (Sewer)
  2 shadow imps
  6 ufetubi (D:6)
  3 dart slugs
  20 orcs
  5 bats
  5 endoplasms
  3 giant cockroaches
  14 goblins
  4 hobgoblins
  7 jackals
  6 kobolds
  A quokka (D:2)
  6 ball pythons
  12 frilled lizards
  A goblin skeleton (D:8)
  A jackal zombie (D:8)
  5 rats
647 creatures vanquished.

Vanquished Creatures (collateral kills)
  A sphinx (Vaults:1)
  A stone giant (Orc:2)
  An orc warlord (Vaults:1)
  3 ettins (Orc:2)
  3 hydras
  3 death yaks
  5 naga warriors
  A deep troll shaman (Lair:5)
  A naga sharpshooter (Snake:3)
  2 skysharks (Lair:3)
  A sea snake (Snake:2)
  A naga ritualist (Snake:2)
  An arcanist (D:14)
  2 mana vipers (Snake:1)
  3 deep elf pyromancers
  3 orc knights
  An obsidian bat (Orc:1)
  6 cyclopes
  8 elephants
  3 salamanders
  2 manticores
  9 black mambas
  A torpor snail (Lair:3)
  A naga mage (Snake:2)
  An unseen horror (D:11)
  5 cane toads
  5 komodo dragons
  A yaktaur (D:15)
  An ice devil (Lair:3)
  A hellwing (Orc:2)
  3 polar bears
  3 trolls
  8 blink frogs
  A slime creature (D:11)
  A shadow (D:11)
  4 vampires
  A water elemental (D:11)
  2 wyverns
  2 basilisks (Lair:5)
  18 yaks
  A steam dragon (D:8)
  3 vampire mosquitoes
  2 nagas
  8 water moccasins
  2 orc warriors
  An ice beast (D:8)
  A black bear (Lair:5)
  4 ogres
  2 wolves
  2 centaurs
  4 bullfrogs
  A gnoll sergeant (D:11)
  2 killer bees
  5 electric eels
  A hound (D:7)
  An orc priest (D:8)
  A jelly (D:11)
  4 hell rats
  2 gnolls (D:9)
  A white imp (D:7)
  2 orcs
170 creatures vanquished.

Vanquished Creatures (others)
  An orc warlord (Vaults:1)
  A naga sharpshooter (Snake:3)
  12 orc apostles
  2 orc knights (Vaults:1)
  A meliai (D:15)
  A black mamba (Snake:4)
  A naga (Snake:2)
  5 orcs
24 creatures vanquished.

Grand Total: 841 creatures vanquished

Table legend: (Time is in decaauts)
 A = Elapsed time spent in this place.
 B = Non-inter-level travel time spent in this place.
 C = Inter-level travel time spent in this place.
 D = Time resting spent in this place.
 E = Time spent auto-exploring this place.
 F = Levels seen in this place.
 G = Mean time per level.
                   A        B        C        D        E       F      G
               +--------+--------+--------+--------+--------+-----+--------+
         Total |  31838 |  29743 |   2095 |   3236 |  21666 |  30 | 1061.3 |
       Dungeon |  15612 |  14307 |   1305 |    734 |  11486 |  15 | 1040.8 |
          Lair |   4926 |   4575 |    351 |    204 |   3543 |   5 |  985.2 |
     Snake Pit |   6934 |   6666 |    268 |   1741 |   3930 |   4 | 1733.5 |
  Orcish Mines |   1702 |   1533 |    169 |    251 |   1084 |   2 |  851.0 |
        Vaults |   1244 |   1244 |      0 |     54 |    865 |   1 | 1244.0 |
        Bazaar |    120 |    120 |      0 |      0 |     88 |   1 |  120.0 |
         Sewer |    412 |    412 |      0 |      0 |    289 |   1 |  412.0 |
        Bailey |    884 |    884 |      0 |    251 |    380 |   1 |  884.0 |
               +--------+--------+--------+--------+--------+-----+--------+

Top non-repeatable levels by time:
 Snake:4: 2640 daAuts
 Snake:3: 1864 daAuts
 Snake:2: 1594 daAuts
    D:11: 1339 daAuts
  Lair:5: 1249 daAuts
Vaults:1: 1244 daAuts
     D:6: 1244 daAuts
    D:12: 1237 daAuts
     D:4: 1225 daAuts
     D:2: 1200 daAuts
    D:13: 1159 daAuts
     D:7: 1141 daAuts
    D:14: 1128 daAuts
  Lair:2: 1109 daAuts
    D:15: 1093 daAuts

Table legend:
 A = Non-vault XP
 B = Vault XP
 C = Vault XP percentage of total XP
 D = Non-vault monster count
 E = Vault monster count
 F = Vault count percentage of total count
                 A         B        C        D         E       F
            +---------+---------+-------+---------+---------+-------
      Total |  168209 |   97118 |  36.6 |     554 |     257 |  31.7
            +---------+---------+-------+---------+---------+-------
        D:1 |      32 |       0 |   0.0 |      19 |       0 |   0.0
        D:2 |      47 |      74 |  61.2 |       7 |       6 |  46.2
        D:3 |      32 |      50 |  61.0 |      16 |       7 |  30.4
        D:4 |     140 |       0 |   0.0 |      19 |       0 |   0.0
        D:5 |     735 |       0 |   0.0 |      19 |       0 |   0.0
        D:6 |     452 |     294 |  39.4 |      14 |       6 |  30.0
        D:7 |     834 |       7 |   0.8 |      19 |       4 |  17.4
        D:8 |    1434 |     147 |   9.3 |      16 |       3 |  15.8
        D:9 |    2775 |       0 |   0.0 |      20 |       0 |   0.0
       D:10 |    3228 |       0 |   0.0 |      15 |       0 |   0.0
       D:11 |    4863 |    5460 |  52.9 |      25 |      26 |  51.0
       D:12 |    2519 |       0 |   0.0 |       9 |       0 |   0.0
       D:13 |    8610 |       0 |   0.0 |      20 |       0 |   0.0
       D:14 |    4724 |    2428 |  33.9 |      14 |       4 |  22.2
       D:15 |    7823 |   16577 |  67.9 |      17 |      26 |  60.5
     Lair:1 |    8203 |       0 |   0.0 |      23 |       0 |   0.0
     Lair:2 |    5741 |    2087 |  26.7 |      23 |       8 |  25.8
     Lair:3 |   10111 |    1386 |  12.1 |      40 |       4 |   9.1
     Lair:4 |    5688 |    2287 |  28.7 |      20 |       8 |  28.6
     Lair:5 |   12711 |   11661 |  47.8 |      35 |      31 |  47.0
    Snake:1 |   15076 |    1414 |   8.6 |      27 |       1 |   3.6
    Snake:2 |   19178 |    1683 |   8.1 |      37 |       6 |  14.0
    Snake:3 |   10608 |    6266 |  37.1 |      18 |       6 |  25.0
    Snake:4 |   18562 |   17073 |  47.9 |      38 |      28 |  42.4
      Orc:1 |    3135 |       0 |   0.0 |       9 |       0 |   0.0
      Orc:2 |     833 |    9174 |  91.7 |       6 |      13 |  68.4
   Vaults:1 |   20115 |   16981 |  45.8 |      29 |      23 |  44.2
      Sewer |       0 |     293 | 100.0 |       0 |      17 | 100.0
     Bailey |       0 |    1776 | 100.0 |       0 |      30 | 100.0
            +---------+---------+-------+---------+---------+-------
